[Event "42nd Olympiad Baku 2016 Women"]
[Site "Baku"]
[Date "2016.09.04"]
[Round "3.24"]
[White "Kim, Yubin"]
[Black "Barbier, Astrid"]
[Result "1/2-1/2"]
[ECO "B38"]
[WhiteElo "1660"]
[BlackElo "1825"]
[Annotator ""]
[PlyCount "52"]
[EventDate "2016.??.??"]
[EventCountry "AZE"]
[SourceTitle "playchess.com"]
[Source "ChessBase"]
[WhiteTeam "Korea"]
[BlackTeam "Belgium"]
[WhiteTeamCountry "KOR"]
[BlackTeamCountry "BEL"]
[TimeControl "40/5400+30:1800+30"]

1. e4 {(00:00)} c5 {(00:00)} 2. Nf3 {(00:00)} g6 {(
00:00)} 3. c4 {(00:00)} Bg7 {(00:44)} 4. d4 {(00:19)} cxd4
{(02:04)} 5. Nxd4 {(00:20)} Nc6 {(00:40)} 6. Be3 {(
00:26)} Nf6 {(01:22)} 7. Nc3 {(00:31)} O-O {(02:21)} 8.
Be2 {(00:36)} d6 {(01:43)} 9. O-O {(00:42)} Nd7 {(
03:31)} 10. Rc1 {(04:19)} Nxd4 {(17:50)} 11. Bxd4 {(00:23]
} Nc5 {(02:03)} 12. Bxg7 {(08:39)} Kxg7 {(00:27)} 13. Qd4+
{(01:11)} Kg8 {(00:49)} 14. Rfd1 {(01:47)} Ne6 {(
10:41)} 15. Qd2 {(13:56)} b6 {(04:20)} 16. e5 {(08:52)}
dxe5 {(16:50)} 17. Qe3 {(01:49)} Qe8 {(05:39)} 18. Bf3 {
(05:10)} Rb8 {(02:50)} 19. Qxe5 {(01:11)} Bb7 {(02:
28)} 20. Bg4 {(06:18)} Qc6 {(07:18)} 21. Nd5 {(01:35)}
Rbe8 {(01:54)} 22. Bf3 {(20:01)} Qc8 {(01:22)} 23. Bg4 {
(03:31)} Qc6 {(04:12)} 24. Bf3 {(00:26)} Qc8 {(00:
41)} 25. Bg4 {(00:07)} Qc6 {(05:17)} 26. Bf3 {(00:16)} Qc8
{(00:04)} 1/2-1/2

[Event "42nd Olympiad Baku 2016 Women"]
[Site "Baku"]
[Date "2016.09.04"]
[Round "3.34"]
[White "Kolaric, Spela"]
[Black "Aleksandrova, Aleksandra"]
[Result "1-0"]
[ECO "E04"]
[WhiteElo "2079"]
[BlackElo "1848"]
[Annotator ""]
[PlyCount "49"]
[EventDate "2016.??.??"]
[EventCountry "AZE"]
[SourceTitle "playchess.com"]
[Source "ChessBase"]
[WhiteTeam "SLO"]
[BlackTeam "IPCA"]
[WhiteTeamCountry "SLO"]
[BlackTeamCountry "ISR"]
[TimeControl "40/5400+30:1800+30"]

1. d4 {(00:00)} d5 {(00:00)} 2. c4 {(00:00)} e6 {(
00:03)} 3. Nf3 {(00:00)} Nf6 {(00:47)} 4. g3 {(00:20)}
dxc4 {(01:10)} 5. Bg2 {(00:49)} a6 {(08:16)} 6. O-O {
(12:58)} Nbd7 {(04:20)} 7. Nbd2 {(08:54)} b5 {(29:
01)} 8. Ne5 {(05:09)} Nd5 {(07:38)} 9. Nc6 {(02:32)} Qf6 {
(00:10)} 10. e4 {(01:50)} N5b6 {(01:00)} 11. e5 {(
03:32)} Qg6 {(00:31)} 12. Be4 {(03:40)} f5 {(01:45)} 13.
exf6 {(00:36)} Qxf6 {(00:09)} 14. Nf3 {(01:12)} Nd5 {
(18:03)} 15. Bg5 {(01:12)} Qf7 {(00:04)} 16. Bxd5 {
(00:24)} exd5 {(09:52)} 17. Re1+ {(00:12)} Ne5 {(
00:07)} 18. Nfxe5 {(00:38)} Qg8 {(00:15)} 19. Qh5+ {(00:
23)} g6 {(00:22)} 20. Nxg6+ {(00:08)} Kd7 {(00:12)} 21.
Nxh8 {(00:28)} Kxc6 {(00:20)} 22. Nf7 {(00:54)} Bb4 {
(00:53)} 23. Qh6+ {(04:07)} Kb7 {(00:23)} 24. Nd8+ {
(00:11)} Ka7 {(00:57)} 25. Nc6+ {(00:42)} 1-0

[Event "42nd Olympiad Baku 2016 Women"]
[Site "Baku"]
[Date "2016.09.04"]
[Round "3.5"]
[White "Kosteniuk, Alexandra"]
[Black "Muminova, Nafisa"]
[Result "1-0"]
[ECO "C12"]
[WhiteElo "2538"]
[BlackElo "2324"]
[Annotator ""]
[PlyCount "95"]
[EventDate "2016.??.??"]
[EventCountry "AZE"]
[SourceTitle "playchess.com"]
[Source "ChessBase"]
[WhiteTeam "Russia"]
[BlackTeam "Uzbekistan"]
[WhiteTeamCountry "RUS"]
[BlackTeamCountry "UZB"]
[TimeControl "40/5400+30:1800+30"]

1. e4 {(00:00)} e6 {(00:00)} 2. d4 {(00:00)} d5 {(
00:00)} 3. Nc3 {(00:00)} Nf6 {(00:00)} 4. Bg5 {(00:00)}
Bb4 {(00:04)} 5. e5 {(00:14)} h6 {(00:15)} 6. Bc1 {
(00:07)} Ne4 {(00:25)} 7. Qg4 {(00:14)} Kf8 {(00:
37)} 8. a3 {(00:30)} Bxc3+ {(00:30)} 9. bxc3 {(00:30)} c5
{(00:30)} 10. Bd3 {(03:38)} Nxc3 {(17:49)} 11. dxc5 {
(03:30)} Nc6 {(00:17)} 12. Nf3 {(01:10)} f5 {(06:
39)} 13. exf6 {(18:14)} Qxf6 {(00:29)} 14. Bb2 {(13:33)}
e5 {(08:38)} 15. Qh4 {(00:27)} g5 {(08:05)} 16. Qg3 {
(00:16)} e4 {(17:48)} 17. Bxe4 {(17:08)} Qe7 {(12:
06)} 18. Qd6 {(09:51)} dxe4 {(01:56)} 19. Nd2 {(02:01)}
Rh7 {(01:37)} 20. Bxc3 {(00:16)} Bf5 {(03:50)} 21. Nc4 {
(01:32)} Rd8 {(01:56)} 22. Bf6 {(00:36)} Qxd6 {(01:
23)} 23. Nxd6 {(00:36)} Rdd7 {(00:19)} 24. Nxf5 {(00:15)}
Rdf7 {(00:55)} 25. Bg7+ {(02:02)} Rhxg7 {(00:10)} 26. Nxg7
{(00:05)} Kxg7 {(00:04)} 27. Rd1 {(00:45)} Rc7 {(
02:32)} 28. O-O {(03:40)} Na5 {(05:47)} 29. Rd5 {(01:02)}
Nc4 {(00:47)} 30. Rfd1 {(00:58)} Kf6 {(00:32)} 31. a4 {
(01:14)} e3 {(05:11)} 32. fxe3 {(02:06)} Nxe3 {(00:
30)} 33. Rd6+ {(00:05)} Kf5 {(00:15)} 34. R1d3 {(00:55)}
Nxc2 {(00:44)} 35. Rd7 {(01:23)} Rxc5 {(01:53)} 36. R3d5+
{(00:10)} Rxd5 {(00:05)} 37. Rxd5+ {(00:03)} Ke6 {(
00:19)} 38. Rc5 {(00:23)} Nd4 {(00:07)} 39. Rc7 {(00:34)}
a5 {(02:51)} 40. Rxb7 {(00:00)} Ne2+ {(00:00)} 41. Kf2 {
(00:55)} Nc3 {(00:19)} 42. Rb6+ {(01:33)} Kf7 {(00:
08)} 43. Rxh6 {(02:29)} Nxa4 {(00:14)} 44. Ra6 {(00:53)}
Nc5 {(01:07)} 45. Rxa5 {(00:09)} Ne6 {(00:04)} 46. Kf3 {
(00:11)} Kf6 {(01:18)} 47. Kg4 {(00:18)} Kg6 {(00:
42)} 48. Ra6 {(00:09)} 1-0

[Event "42nd Olympiad Baku 2016 Women"]
[Site "Baku"]
[Date "2016.09.04"]
[Round "3.11"]
[White "Kremer, Nadine"]
[Black "Putri, Regita Desyari"]
[Result "0-1"]
[ECO "C29"]
[WhiteElo "1844"]
[BlackElo "1623"]
[Annotator ""]
[PlyCount "84"]
[EventDate "2016.??.??"]
[EventCountry "AZE"]
[SourceTitle "playchess.com"]
[Source "ChessBase"]
[WhiteTeam "Luxembourg"]
[BlackTeam "Indonesia"]
[WhiteTeamCountry "LUX"]
[BlackTeamCountry "INA"]
[TimeControl "40/5400+30:1800+30"]

1. e4 {(00:00)} e5 {(00:00)} 2. Nc3 {(00:00)} Nf6 {
(00:21)} 3. f4 {(00:09)} d5 {(02:03)} 4. fxe5 {(00:
25)} Nxe4 {(00:19)} 5. Qf3 {(00:46)} Nxc3 {(07:58)} 6.
bxc3 {(01:03)} Be7 {(00:51)} 7. d4 {(01:19)} O-O {(
02:39)} 8. Bd3 {(01:37)} Be6 {(04:36)} 9. Ne2 {(01:39)} c5
{(02:42)} 10. O-O {(12:01)} Nc6 {(02:46)} 11. Be3 {
(10:58)} cxd4 {(07:51)} 12. cxd4 {(02:14)} Nb4 {(
01:28)} 13. Bf5 {(10:24)} Bxf5 {(09:35)} 14. Qxf5 {(00:11]
} Qc8 {(00:49)} 15. c3 {(01:18)} Qxf5 {(00:11)} 16. Rxf5 {
(00:02)} Nc2 {(00:08)} 17. Rb1 {(01:52)} Nxe3 {(00:
21)} 18. Rf3 {(00:33)} Nc4 {(01:29)} 19. Rxb7 {(06:20)}
Bg5 {(02:27)} 20. h3 {(17:50)} a5 {(03:17)} 21. Nf4 {
(04:49)} Bxf4 {(02:42)} 22. Rxf4 {(00:10)} a4 {(00:
50)} 23. Rd7 {(02:58)} Rad8 {(01:13)} 24. Ra7 {(00:45)} a3
{(00:19)} 25. Rg4 {(04:47)} Ra8 {(03:39)} 26. Rd7 {
(00:28)} Rfd8 {(01:03)} 27. Rc7 {(00:24)} Rac8 {(
03:11)} 28. Ra7 {(00:14)} Rc6 {(04:47)} 29. Rf4 {(01:48)}
Rf8 {(00:19)} 30. Rd7 {(00:38)} Rg6 {(02:42)} 31. Rxd5 {
(07:29)} Ne3 {(00:15)} 32. Rb5 {(01:10)} Rxg2+ {(
00:27)} 33. Kh1 {(00:04)} Rxa2 {(00:13)} 34. Rf3 {(00:43)}
Rb2 {(01:40)} 35. Ra5 {(00:17)} a2 {(02:02)} 36. Rg3 {
(00:13)} Rfb8 {(01:31)} 37. Rg1 {(01:37)} Nc2 {(00:
12)} 38. d5 {(02:01)} a1=Q {(00:26)} 39. Rgxa1 {(00:47)}
Nxa1 {(00:06)} 40. d6 {(00:00)} Nb3 {(00:00)} 41. Ra7 {
(02:28)} Nc5 {(01:12)} 42. Rc7 {(00:18)} Rc2 {(00:
11)} 0-1

[Event "42nd Olympiad Baku 2016 Women"]
[Site "Baku"]
[Date "2016.09.04"]
[Round "3.16"]
[White "Krpovic, Natasa"]
[Black "Cruz Lima, Kimberly Esmeralda"]
[Result "1-0"]
[ECO "C24"]
[WhiteElo "2073"]
[BlackElo "1763"]
[Annotator ""]
[PlyCount "105"]
[EventDate "2016.??.??"]
[EventCountry "AZE"]
[SourceTitle "playchess.com"]
[Source "ChessBase"]
[WhiteTeam "Montenegro"]
[BlackTeam "Guatemala"]
[WhiteTeamCountry "MNE"]
[BlackTeamCountry "GUA"]
[TimeControl "40/5400+30:1800+30"]

1. e4 {(00:00)} e5 {(00:00)} 2. Bc4 {(00:00)} Nf6 {
(00:38)} 3. d3 {(00:50)} c6 {(04:27)} 4. Nf3 {(04:
40)} Qc7 {(05:34)} 5. Nc3 {(17:56)} h6 {(14:02)} 6. O-O {
(04:35)} Bc5 {(04:20)} 7. Nh4 {(15:11)} d6 {(16:32]
} 8. Bb3 {(09:21)} Bg4 {(04:43)} 9. Qe1 {(03:33)} g5 {
(12:35)} 10. Nf5 {(00:19)} Bxf5 {(00:21)} 11. exf5 {
(00:06)} Bb4 {(04:45)} 12. Bd2 {(07:35)} Bxc3 {(08:
56)} 13. Bxc3 {(04:04)} O-O {(02:13)} 14. h4 {(10:56)} Nd5
{(04:18)} 15. Bd2 {(00:50)} Qe7 {(00:47)} 16. hxg5 {
(00:59)} hxg5 {(00:07)} 17. g3 {(04:25)} Qf6 {(01:
46)} 18. Qe4 {(01:38)} Ne7 {(00:19)} 19. g4 {(00:41)} Nd7
{(00:32)} 20. Qe3 {(01:05)} Kh7 {(02:01)} 21. Kg2 {
(00:42)} Rh8 {(01:02)} 22. Qxg5 {(02:38)} Qxg5 {(
00:06)} 23. Bxg5 {(00:07)} f6 {(00:06)} 24. Be3 {(01:11)}
d5 {(00:28)} 25. a4 {(01:54)} Kg7 {(01:28)} 26. a5 {
(00:47)} a6 {(01:25)} 27. Rh1 {(00:39)} Kf7 {(01:
53)} 28. f4 {(02:17)} Rag8 {(01:08)} 29. Kf3 {(01:19)} Kg7
{(00:59)} 30. Bd2 {(00:54)} Kf8 {(03:41)} 31. c3 {(
01:09)} Nc5 {(01:43)} 32. Bc2 {(00:10)} Nd7 {(00:47)} 33.
Rae1 {(00:19)} Rxh1 {(00:15)} 34. Rxh1 {(00:05)} Kg7 {
(00:05)} 35. b3 {(01:39)} Rh8 {(00:13)} 36. Rxh8 {(
00:04)} Kxh8 {(00:06)} 37. fxe5 {(01:00)} Nxe5+ {(00:07)}
38. Kf4 {(00:29)} Nd7 {(00:21)} 39. g5 {(01:29)} Kg7 {
(00:06)} 40. gxf6+ {(00:00)} Kxf6 {(00:00)} 41. d4 {
(02:01)} Nf8 {(00:57)} 42. Be1 {(00:57)} Kf7 {(00:
48)} 43. Bd1 {(00:23)} Ng8 {(00:59)} 44. Ke5 {(05:28)} Ke7
{(02:52)} 45. Bh4+ {(01:01)} Kd7 {(00:19)} 46. Bh5 {
(06:41)} Nh6 {(00:28)} 47. Kf6 {(01:22)} Kd6 {(02:
29)} 48. Bg3+ {(03:46)} Kd7 {(00:25)} 49. Bf4 {(00:38)}
Ng8+ 50. Kg7 {(01:43)} Nh7 {(02:41)} 51. Kxh7 {(02:01)}
Nf6+ {(00:08)} 52. Kg6 {(00:32)} Nxh5 {(00:18)} 53. Kxh5 {
(00:05)} 1-0

[Event "42nd Olympiad Baku 2016 Women"]
[Site "Baku"]
[Date "2016.09.04"]
[Round "3.1"]
[White "Krush, Irina"]
[Black "Muzychuk, Anna"]
[Result "1/2-1/2"]
[ECO "A06"]
[WhiteElo "2444"]
[BlackElo "2550"]
[Annotator ""]
[PlyCount "86"]
[EventDate "2016.??.??"]
[EventCountry "AZE"]
[SourceTitle "playchess.com"]
[Source "ChessBase"]
[WhiteTeam "United States"]
[BlackTeam "Ukraine"]
[WhiteTeamCountry "USA"]
[BlackTeamCountry "UKR"]
[TimeControl "40/5400+30:1800+30"]

1. Nf3 {(00:00)} d5 {(00:00)} 2. g3 {(00:00)} c6 {(
00:59)} 3. Bg2 {(00:03)} Bg4 {(00:16)} 4. d3 {(00:49)} Nd7
{(00:55)} 5. h3 {(02:22)} Bxf3 {(01:58)} 6. Bxf3 {(
00:12)} e6 {(01:12)} 7. Nd2 {(01:55)} Ngf6 {(03:49)} 8.
O-O {(06:45)} Bd6 {(04:38)} 9. Bg2 {(06:23)} Qc7 {(
03:46)} 10. c4 {(13:21)} O-O {(03:51)} 11. b3 {(05:40)} a5
{(03:58)} 12. a3 {(01:56)} b5 {(05:47)} 13. Qc2 {(
04:27)} Rab8 {(06:01)} 14. Nf3 {(09:52)} Rfc8 {(09:35)}
15. Bd2 {(04:48)} Ne5 {(06:55)} 16. Rfc1 {(19:56)} Nfd7 {
(08:09)} 17. d4 {(02:29)} Nxf3+ {(00:58)} 18. Bxf3 {
(00:03)} Qd8 {(02:42)} 19. Qd3 {(03:41)} a4 {(07:
39)} 20. cxb5 {(02:33)} cxb5 {(00:39)} 21. bxa4 {(01:53)}
bxa4 {(00:17)} 22. Qa6 {(05:45)} Rxc1+ {(01:15)} 23. Rxc1
{(00:04)} Bxa3 {(00:54)} 24. Ra1 {(00:14)} Bb4 {(
02:38)} 25. Bxb4 {(03:07)} Rxb4 {(00:07)} 26. Rxa4 {(00:
47)} Rxa4 {(00:10)} 27. Qxa4 {(00:06)} g6 {(00:16)} 28. h4
{(01:10)} h5 {(00:33)} 29. e3 {(00:42)} Nf6 {(00:
41)} 30. Qb5 {(00:31)} Kg7 {(01:11)} 31. Kg2 {(00:27)} Ne8
{(00:41)} 32. Qc6 {(01:08)} Nd6 {(00:25)} 33. Be2 {
(00:37)} Qb8 {(01:30)} 34. Bd3 {(00:35)} Qb4 {(00:
41)} 35. Qc7 {(01:17)} Nc4 {(04:11)} 36. Bf1 {(00:08)} Qb3
{(02:37)} 37. Be2 {(02:00)} Nd2 {(08:16)} 38. Qc1 {
(00:16)} Ne4 {(03:09)} 39. Bf3 {(00:23)} Nc3 {(00:
54)} 40. Qd2 {(00:00)} Qc4 {(00:00)} 41. Qb2 {(03:03)} Qd3
{(02:57)} 42. Qb8 {(02:10)} Qf5 {(03:01)} 43. Qb2 {
(01:16)} Qd3 {(00:28)} 1/2-1/2

[Event "42nd Olympiad Baku 2016 Women"]
[Site "Baku"]
[Date "2016.09.04"]
[Round "3.8"]
[White "Kurbonboeva, Sarvinoz"]
[Black "Girya, Olga"]
[Result "1/2-1/2"]
[ECO "D10"]
[WhiteElo "2223"]
[BlackElo "2452"]
[Annotator ""]
[PlyCount "134"]
[EventDate "2016.??.??"]
[EventCountry "AZE"]
[SourceTitle "playchess.com"]
[Source "ChessBase"]
[WhiteTeam "Uzbekistan"]
[BlackTeam "Russia"]
[WhiteTeamCountry "UZB"]
[BlackTeamCountry "RUS"]
[TimeControl "40/5400+30:1800+30"]

1. d4 {(00:00)} d5 {(00:00)} 2. c4 {(00:00)} c6 {(
00:00)} 3. cxd5 {(00:00)} cxd5 {(00:00)} 4. Bf4 {(00:02)}
Nc6 {(00:23)} 5. e3 {(00:19)} Nf6 {(00:11)} 6. Nc3 {
(00:14)} Bf5 {(00:44)} 7. Qb3 {(00:43)} Na5 {(00:
15)} 8. Qa4+ {(00:15)} Bd7 {(00:06)} 9. Qc2 {(00:07)} e6 {
(00:38)} 10. Bd3 {(00:18)} Rc8 {(00:54)} 11. Nf3 {(
00:41)} Be7 {(00:38)} 12. h3 {(00:18)} a6 {(00:34)} 13.
O-O {(08:52)} O-O {(00:51)} 14. Qe2 {(00:23)} Bc6 {
(04:43)} 15. Ne5 {(03:57)} Nd7 {(01:05)} 16. Rac1 {
(10:46)} Nxe5 {(03:55)} 17. Bxe5 {(00:24)} b5 {(19:
08)} 18. Qg4 {(21:16)} g6 {(02:21)} 19. Rc2 {(00:35)} Nc4
{(06:36)} 20. Rfc1 {(21:01)} Bd7 {(07:12)} 21. Qf3 {
(13:12)} Nxe5 {(18:22)} 22. dxe5 {(02:32)} Qb6 {(
00:25)} 23. Ne2 {(01:25)} Qb8 {(02:29)} 24. Qf4 {(01:08)}
Rxc2 {(01:37)} 25. Rxc2 {(00:01)} Rc8 {(00:07)} 26. Rxc8+
{(02:11)} Qxc8 {(01:10)} 27. Qd4 {(00:05)} Qc7 {(
02:36)} 28. Qc3 {(00:45)} Qxc3 {(03:45)} 29. Nxc3 {(00:38]
} f6 {(00:11)} 30. exf6 {(00:23)} Bxf6 {(00:01)} 31. Kf1 {
(02:19)} b4 {(04:43)} 32. Nd1 {(00:05)} a5 {(00:08]
} 33. b3 {(01:49)} Kf7 {(00:31)} 34. Ke2 {(00:58)} Ke7 {
(07:35)} 35. f3 {(01:16)} Kd6 {(00:56)} 36. Nf2 {(
00:40)} Bh4 {(06:24)} 37. Nd1 {(00:58)} Be8 {(01:15)} 38.
Nb2 {(01:01)} Bg3 {(00:43)} 39. Kd2 {(01:15)} h5 {(
00:36)} 40. Ba6 {(00:00)} Bc6 {(00:00)} 41. Nd3 {(04:43)}
g5 {(12:05)} 42. Nc1 {(00:29)} d4 {(09:47)} 43. Ne2 {
(05:46)} dxe3+ {(00:15)} 44. Kxe3 {(00:01)} Be1 {(
01:08)} 45. Bd3 {(07:27)} e5 {(01:24)} 46. Bg6 {(11:48)}
h4 {(00:08)} 47. Bf7 {(00:10)} Bd7 {(02:25)} 48. Bc4 {
(04:44)} Bf5 {(00:13)} 49. Bd3 {(00:01)} Be6 {(00:
08)} 50. Bb5 {(00:09)} Kc5 {(04:11)} 51. Bd3 {(04:20)} a4
{(01:14)} 52. Bc2 {(00:02)} Kd6 {(07:39)} 53. Nc1 {
(01:28)} a3 {(00:53)} 54. Nd3 {(01:30)} Bc3 {(00:
02)} 55. Nc1 {(01:15)} Bf7 {(00:46)} 56. Nd3 {(00:26)} Be8
{(00:32)} 57. Nc1 {(00:14)} Bd4+ {(00:26)} 58. Ke2 {
(00:08)} Bf7 {(00:51)} 59. Nd3 {(00:08)} Bc3 {(00:
29)} 60. Ke3 {(00:02)} Bg8 {(00:30)} 61. Nc1 {(00:24)}
Bd4+ {(00:19)} 62. Ke2 {(00:06)} Bd5 {(00:45)} 63. Nd3 {
(00:59)} Bc3 {(00:01)} 64. Nf2 {(00:30)} Kc5 {(00:
45)} 65. Kd3 {(01:37)} Bb7 {(00:36)} 66. Ne4+ {(00:31)}
Bxe4+ {(00:26)} 67. Kxe4 {(00:19)} Kd6 {(00:09)} 1/2-1/2

[Event "42nd Olympiad Baku 2016 Women"]
[Site "Baku"]
[Date "2016.09.04"]
[Round "3.10"]
[White "Lagutina, Olga"]
[Black "Newrkla, Katharina"]
[Result "0-1"]
[ECO "E66"]
[WhiteElo "1910"]
[BlackElo "2214"]
[Annotator ""]
[PlyCount "140"]
[EventDate "2016.??.??"]
[EventCountry "AZE"]
[SourceTitle "playchess.com"]
[Source "ChessBase"]
[WhiteTeam "ICCD"]
[BlackTeam "AUT"]
[WhiteTeamCountry "RUS"]
[BlackTeamCountry "AUT"]
[TimeControl "40/5400+30:1800+30"]

1. d4 {(00:00)} Nf6 {(00:00)} 2. Nf3 {(00:00)} g6 {
(00:00)} 3. g3 {(01:47)} Bg7 {(00:00)} 4. Bg2 {(00:
01)} O-O {(00:00)} 5. O-O {(04:15)} d6 {(00:10)} 6. c4 {
(01:35)} Nc6 {(00:15)} 7. Nc3 Rb8 {(00:22)} 8. d5 {
(04:46)} Na5 {(00:48)} 9. Qd3 {(01:48)} c5 {(01:00]
} 10. e4 {(04:53)} a6 {(08:18)} 11. Re1 {(10:15)} b5 {
(11:16)} 12. Nd2 {(04:05)} Ng4 {(05:10)} 13. cxb5 {
(12:46)} Bd4 {(07:24)} 14. Nd1 {(03:12)} axb5 {(05:
37)} 15. Qc2 {(03:56)} c4 {(06:22)} 16. Nf3 {(03:22)} Bg7
{(00:50)} 17. Ne3 {(02:51)} b4 {(15:11)} 18. Nxc4 {
(10:24)} Nxc4 {(04:11)} 19. Qxc4 {(00:47)} Qb6 {(
00:31)} 20. Qc2 {(03:13)} Ba6 {(04:32)} 21. Be3 {(02:06)}
Nxe3 {(00:31)} 22. Rxe3 {(01:00)} Rfc8 {(00:30)} 23. Qb1 {
(04:07)} Rc5 {(05:09)} 24. Bh3 {(13:46)} Bc8 {(00:
13)} 25. Bf1 {(00:54)} Bg4 {(01:07)} 26. Qe1 {(04:23)}
Bxb2 {(03:16)} 27. Rb1 {(00:09)} Bc3 {(00:58)} 28. Qd1 {
(00:25)} Qa7 {(05:22)} 29. Qb3 {(00:07)} Ra8 {(00:
50)} 30. Ne1 {(01:51)} Qxa2 {(10:31)} 31. h3 {(01:09)}
Qxb3 {(02:04)} 32. Rxb3 {(00:01)} Bd7 {(01:11)} 33. Rb1 {
(00:29)} Rcc8 {(00:53)} 34. Rd3 {(01:17)} Ra2 {(01:
00)} 35. Rdd1 {(00:40)} Rca8 {(00:29)} 36. Bd3 {(00:50)}
Bxh3 {(00:18)} 37. Nc2 {(00:35)} Rb8 {(00:35)} 38. Ne3 {
(00:27)} Bd7 {(01:05)} 39. Bc4 {(00:12)} Rd2 {(00:
25)} 40. Rdc1 {(00:00)} Bd4 {(00:00)} 41. Re1 {(01:37)} h5
{(06:35)} 42. Kg2 {(02:23)} Ba4 {(01:16)} 43. Bb3 {
(02:05)} Bxb3 {(03:31)} 44. Rxb3 {(00:01)} Rb2 {(
00:35)} 45. Rxb2 {(02:48)} Bxb2 {(00:07)} 46. Rb1 {(00:12]
} Bd4 {(00:42)} 47. Nc2 {(01:24)} Bc5 {(00:13)} 48. Rb3 {
(00:33)} e6 {(03:25)} 49. f3 {(06:18)} exd5 {(00:
45)} 50. exd5 {(00:05)} Kg7 {(00:45)} 51. f4 {(00:33)} Re8
{(02:00)} 52. Kf3 {(00:30)} f5 {(01:03)} 53. Rb2 {(
01:59)} Re4 {(00:20)} 54. Rb1 {(02:10)} Rc4 {(00:16)} 55.
Rb2 {(00:39)} Rc3+ {(00:18)} 56. Kg2 {(00:19)} Rc4 {
(01:46)} 57. Kf3 {(00:11)} Kf6 {(00:51)} 58. Kg2 {(
00:46)} g5 {(00:23)} 59. Kf3 {(00:19)} g4+ {(05:41)} 60.
Kg2 {(00:53)} h4 {(00:20)} 61. Kh2 {(00:50)} hxg3+ {
(00:06)} 62. Kxg3 {(00:10)} Kg6 {(00:29)} 63. Ne1 {
(01:32)} Rc3+ {(00:25)} 64. Kg2 {(00:26)} b3 {(00:
19)} 65. Rd2 {(04:13)} Be3 {(00:59)} 66. Re2 {(04:02)}
Bxf4 {(00:24)} 67. Re8 {(02:12)} Re3 {(01:01)} 68. Rxe3 {
(00:21)} Bxe3 {(00:05)} 69. Nd3 {(00:20)} Bd4 {(00:
15)} 70. Nf4+ {(00:40)} Kf6 {(00:09)} 0-1

[Event "42nd Olympiad Baku 2016 Women"]
[Site "Baku"]
[Date "2016.09.04"]
[Round "3.10"]
[White "Lanchava, Tea"]
[Black "Foisor, Cristina-Adela"]
[Result "0-1"]
[ECO "D02"]
[WhiteElo "2258"]
[BlackElo "2353"]
[Annotator ""]
[PlyCount "106"]
[EventDate "2016.??.??"]
[EventCountry "AZE"]
[SourceTitle "playchess.com"]
[Source "ChessBase"]
[WhiteTeam "Netherlands"]
[BlackTeam "Romania"]
[WhiteTeamCountry "NED"]
[BlackTeamCountry "ROU"]
[TimeControl "40/5400+30:1800+30"]

1. d4 {(00:00)} d5 {(00:00)} 2. Nf3 {(00:09)} Nf6 {
(00:05)} 3. c4 {(00:24)} e6 {(00:27)} 4. e3 {(01:
30)} c6 {(01:41)} 5. Bd3 {(00:56)} Nbd7 {(03:24)} 6. b3 {
(02:49)} Ne4 {(03:01)} 7. O-O {(02:54)} f5 {(00:52]
} 8. Qc2 {(03:10)} Be7 {(03:20)} 9. Ne1 {(09:01)} O-O {
(02:28)} 10. f3 {(02:14)} Nd6 {(03:17)} 11. Nc3 {(
04:44)} dxc4 {(03:55)} 12. bxc4 {(00:33)} c5 {(00:07)} 13.
f4 {(08:11)} b6 {(02:51)} 14. Nf3 {(03:23)} Bb7 {(
00:19)} 15. Ne5 {(01:45)} cxd4 {(03:57)} 16. exd4 {(00:25]
} Nxe5 {(03:50)} 17. fxe5 {(04:13)} Nxc4 {(03:18)} 18. Ne2
{(08:00)} Rc8 {(09:27)} 19. Qb3 {(01:43)} Bd5 {(03:
23)} 20. Qa4 {(03:03)} Bg5 {(07:08)} 21. Rf2 {(04:37)}
Bxc1 {(02:42)} 22. Rxc1 {(00:13)} Nb2 {(00:41)} 23. Qa3 {
(04:37)} Nxd3 {(02:00)} 24. Qxd3 {(00:55)} Rxc1+ {(
00:43)} 25. Nxc1 {(00:09)} Qd7 {(01:51)} 26. h3 {(05:00)}
Qa4 {(04:36)} 27. Qd2 {(02:17)} Rc8 {(00:48)} 28. Kh2 {
(01:29)} h6 {(00:26)} 29. h4 {(01:00)} a5 {(01:56)}
30. Qb2 {(01:56)} Qd1 {(02:09)} 31. Ne2 {(00:14)} Qe1 {
(05:38)} 32. Nf4 {(01:53)} Bc4 {(06:15)} 33. h5 {(
03:03)} b5 {(00:59)} 34. Rf3 {(02:04)} Qh4+ {(01:00)} 35.
Kg1 {(00:40)} Rd8 {(01:43)} 36. Qd2 {(01:19)} b4 {(
02:27)} 37. Rh3 {(06:03)} Qg5 {(02:19)} 38. Kh2 {(01:16)}
Qe7 {(00:42)} 39. Rg3 {(02:23)} Kh7 {(02:49)} 40. Rg6 {
(00:00)} a4 {(00:00)} 41. Kh3 {(12:33)} a3 {(08:04]
} 42. g4 {(04:20)} b3 {(08:40)} 43. gxf5 {(04:29)} exf5 {
(00:54)} 44. axb3 {(03:47)} Bf7 {(03:54)} 45. Rg3 {
(06:56)} Qxe5 {(05:51)} 46. dxe5 {(00:05)} Rxd2 {(
00:03)} 47. e6 {(00:08)} Be8 {(00:24)} 48. Rg1 {(06:53)}
Rb2 {(00:49)} 49. Kh4 {(01:27)} Rxb3 {(00:51)} 50. Nd5 {
(00:02)} Bxh5 {(02:24)} 51. e7 {(02:44)} g5+ {(04:
49)} 52. Rxg5 {(00:16)} hxg5+ {(00:03)} 53. Kxh5 {(00:08)}
Rb8 {(00:17)} 0-1